 Dungeon Crawl Stone Soup version 0.31-a0-150-g89dc3ad700 (webtiles) character file.

Game seed: 1587297503387852870

199 sampeng1 the Trooper (level 5, -2/47 HPs)
             Began as a Minotaur Berserker on June 9, 2023.
             Was a Priest of Trog.
             Slain by SigmundSlayer's ghost (8 damage)
             ... on level 3 of the Dungeon.
             The game lasted 00:04:00 (1716 turns).

sampeng1 the Trooper (Minotaur Berserker)           Turns: 1716, Time: 00:04:00

Health: -2/47      AC: 10    Str: 23    XL:     5   Next: 48%
Magic:  4/4        EV:  9    Int:  4    God:    Trog [***...]
Gold:   67         SH:  0    Dex: 10    Spells: 4/4 levels left

rFire   . . .        a - +0 hand axe
rCold   . . .        (no shield)
rNeg    . . .        l - +0 chain mail
rPois   .            (helmet restricted)
rElec   .            (no cloak)
rCorr   .            (no gloves)
SInv    .            f - +0 pair of boots
Will    .....        (no amulet) Stlth
                     (no ring)
HPRegen 0.27/turn    (no ring)
MPRegen 0.09/turn

%: no passive effects
@: on berserk cooldown, slowed, very slow
A: horns 2, retaliatory headbutt
a: Renounce Religion, Berserk, Trog's Hand


You were on level 3 of the Dungeon.
You worshipped Trog.
Trog was most pleased with you.
You visited 1 branch of the dungeon, and saw 3 of its levels.

You collected 67 gold pieces.

Inventory:

Hand Weapons
 a - a +0 hand axe (weapon)
Missiles
 g - a throwing net
 h - 9 javelins
 k - 6 poisoned darts
Armour
 f - a +0 pair of boots (worn)
 l - a +0 chain mail (worn)
Scrolls
 b - a scroll of brand weapon {unknown}
 c - 3 scrolls of identify {unknown}
 j - a scroll of enchant weapon {unknown}
Potions
 d - a potion of invisibility {unknown}
 e - 2 potions of mutation {unknown}
 i - a potion of ambrosia {unknown}


   Skills:
 + Level 4.9 Fighting
 + Level 4.8 Axes
 + Level 4.0 Armour
 + Level 3.7 Dodging


You had 4 spell levels left.
You didn't know any spells.
Your spell library was empty.

Dungeon Overview and Level Annotations

Branches:
Dungeon (3/15)

Altars:

Annotations:
D:3 SigmundSlayer's ghost, amateur DgGl


Innate Abilities, Weirdness & Mutations

You have a pair of horns on your head.
You reflexively headbutt those who attack you in melee.


Message History

You kill the kobold!
Trog accepts your kill.
You barely miss the kobold. You barely miss SigmundSlayer's ghost.
You feel sick. The kobold hits you but does no damage.
SigmundSlayer's ghost hits you.
Your Armour skill increases to level 4!
You have reached level 5!
You closely miss the kobold. You hit SigmundSlayer's ghost.
You barely miss the kobold. You slash the kobold!
You kill the kobold!
Trog accepts your kill.
You closely miss the kobold. You barely miss SigmundSlayer's ghost.
You feel sick.
You are no longer poisoned.
SigmundSlayer's ghost hits you but does no damage.
The kobold hits you but does no damage.
You closely miss the kobold. Your headbutt misses the kobold.
You slash the kobold!
You kill the kobold!
Trog accepts your kill.
You slash SigmundSlayer's ghost! The kobold hits you but does no damage.
SigmundSlayer's ghost hits you.
You slash the kobold!
You kill the kobold!
Trog accepts your kill.
You hit SigmundSlayer's ghost but do no damage.
You are no longer berserk.
You are exhausted.
You feel yourself slow down.
You hit SigmundSlayer's ghost.
SigmundSlayer's ghost is heavily damaged.
SigmundSlayer's ghost hits you!
SigmundSlayer's ghost hits you but does no damage.
You hit SigmundSlayer's ghost.
SigmundSlayer's ghost is severely damaged.
SigmundSlayer's ghost hits you!
* * * LOW HITPOINT WARNING * * *
SigmundSlayer's ghost hits you!
You die...

##### #...#
#...# #### #...#
#>. #...# #.###
#...###...#
#...'...#.##
#...##..#..#####
###..#...)@)...#
##.#.##W))##!#
#.###.....###
#.##.#...#.#
#.##⌠.#.#.⌠#
#####..#.#...#.#
#......##K....##
#.......##!?.##
#......†.####


You could see SigmundSlayer's ghost.

Vanquished Creatures
  A kobold brigand (D:3)
  Robin (D:2)
  2 adders (D:2)
  2 gnolls (D:1)
  A worm (D:2)
  6 ball pythons
  9 endoplasms
  2 giant cockroaches
  12 goblins (D:2)
  8 hobgoblins
  3 jackals (D:1)
  13 kobolds
  4 quokkas
  5 bats
  3 frilled lizards
  7 rats
79 creatures vanquished.

Notes
Turn   | Place    | Note
-------+----------+-------------------------------------------
     0 | D:1      | sampeng1 the Minotaur Berserker began the quest for the
                  | Orb.
     0 | D:1      | Reached XP level 1. HP: 19/19 MP: 0/0
    39 | D:1      | Reached XP level 2. HP: 24/27 MP: 1/1
   280 | D:1      | Reached XP level 3. HP: 33/33 MP: 2/2
   646 | D:1      | Reached ** piety under Trog
  1130 | D:2      | Reached XP level 4. HP: 34/41 MP: 3/3
  1375 | D:2      | Noticed Robin
  1384 | D:2      | Killed Robin
  1694 | D:3      | Found a runed translucent gate.
  1695 | D:3      | Found a runed translucent gate.
  1695 | D:3      | Found a runed translucent gate.
  1696 | D:3      | Noticed SigmundSlayer's ghost (amateur DgGl)
  1698 | D:3      | Noticed a kobold brigand
  1710 | D:3      | Killed a kobold brigand
  1711 | D:3      | Reached XP level 5. HP: 40/47 MP: 4/4
  1714 | D:3      | Reached *** piety under Trog
  1716 | D:3      | Slain by SigmundSlayer's ghost

Illustrated notes

Levels and vault maps discovered:
D:1:      dpeg_arrival_simpleton_c, layout_basic, minmay_tetromino_l2
D:2:      layout_rooms, hangedman_decor_points, uniq_robin
D:3:      layout_basic, gammafunk_ghost_nasty_kobolds

Skill      XL: |  1  2  3  4 |
---------------+-------------+-----
Fighting       | 4 |  4.9
Axes           | 4 |  4.8
Armour         | 3 4 |  4.0
Dodging        | 3 |  3.7

Action                     |  1- 3 |  4- 6 || total
---------------------------+-------+-------++-------
  Melee: Hand axe          |    82 |    57 ||   139
         Headbutt          |    13 |     8 ||    21
 Invoke: Berserk           |       |     2 ||     2
   Stab: Sleeping          |     1 |       ||     1
 Armour: Animal skin       |    15 |     3 ||    18
         Chain mail        |       |    31 ||    31
  Dodge: Dodged            |    49 |    35 ||    84

Table legend: (Time is in decaauts)
 A = Elapsed time spent in this place.
 B = Non-inter-level travel time spent in this place.
 C = Inter-level travel time spent in this place.
 D = Time resting spent in this place.
 E = Time spent auto-exploring this place.
 F = Levels seen in this place.
 G = Mean time per level.
                   A        B        C        D        E       F      G
               +--------+--------+--------+--------+--------+-----+--------+
         Total |   1737 |   1666 |     71 |      0 |   1168 |   3 |  579.0 |
       Dungeon |   1737 |   1666 |     71 |      0 |   1168 |   3 |  579.0 |
               +--------+--------+--------+--------+--------+-----+--------+

Top non-repeatable levels by time:
     D:1: 1106 daAuts
     D:2: 575 daAuts
     D:3: 56 daAuts
